 Dungeon Crawl Stone Soup version 0.27-a0-887-gcab673c142 (webtiles) character file.

Game seed: 7796317901589523403

4 rageheart7 the Skirmisher (level 1, -2/18 HPs)
             Began as a Demonspawn Abyssal Knight on Apr 4, 2021.
             Was an Initiate of Lugonu.
             Slain by a kobold
             ... wielding a +2 whip of holy wrath
              (5 damage)
             ... on level 1 of the Dungeon.
             The game lasted 00:00:54 (318 turns).

rageheart7 the Skirmisher (DsAK)                     Turns: 318, Time: 00:00:55

Health: -2/18      AC:  5    Str: 12    XL:     1   Next: 58%
Magic:  2/2        EV: 10    Int: 13    God:    Lugonu [......]
Gold:   25         SH:  0    Dex: 12    Spells: 0/0 levels left

rFire    . . .     SeeInvis .   a - +1 mace
rCold    . . .     Faith    .   (no shield)
rNeg     . . .     Spirit   .   g - +0 ring mail
rPois    .         Reflect  .   (no helmet)
rElec    .         Harm     .   (no cloak)
rCorr    .         Rampage  .   (no gloves)
Will     .....                  (no boots)
Stlth    +.........             (no amulet)
HPRegen  0.06/turn              (no ring)
MPRegen  0.08/turn              (no ring)

@: no status effects
A: no striking features
a: Renounce Religion


You were on level 1 of the Dungeon.
You worshipped Lugonu.
Lugonu was noncommittal.
You visited 1 branch of the dungeon, and saw 1 of its levels.
You visited the Abyss 1 time.

You collected 25 gold pieces.

Inventory:

Hand Weapons
 a - a +1 mace (weapon)
Armour
 g - a +0 ring mail (worn)
Scrolls
 c - 2 scrolls of teleportation {unknown}
 d - a scroll of amnesia {unknown}
Potions
 e - a potion of lignification {unknown}
 f - 2 potions of brilliance {unknown}


   Skills:
 * Level 3.1 Fighting
 * Level 2.0 Maces & Flails
 - Level 1.7 Armour
 - Level 0.8 Dodging
 - Level 2.4 Invocations


You couldn't memorise any spells.
You didn't know any spells.
Your spell library was empty.

Dungeon Overview and Level Annotations

Branches:
Dungeon (1/15)

Altars:


Message History

A kobold is nearby!
A kobold is nearby!
A frilled lizard comes into view.
The frilled lizard hisses angrily.
A kobold comes into view. It is wielding a +2 whip of holy wrath.
You closely miss the kobold.
The kobold shouts!
The kobold closely misses you.
You barely miss the kobold.
The kobold hits you with a +0 short sword.
You hit the kobold.
You kill the kobold!
Lugonu accepts your kill.
You closely miss the frilled lizard. The frilled lizard barely misses you.
You miss the frilled lizard.
The frilled lizard bites you but does no damage.
The frilled lizard closely misses you.
You barely miss the kobold. The kobold misses you.
The frilled lizard bites you but does no damage.
The kobold hits you with a +2 whip of holy wrath.
You convulse.
You hit the kobold.
The kobold is severely wounded.
The frilled lizard bites you but does no damage.
The kobold hits you with a +2 whip of holy wrath.
You convulse.
You are too injured to fight recklessly!
You are too injured to fight recklessly!
You are too injured to fight recklessly!
The frilled lizard bites you but does no damage.
You barely miss the frilled lizard.
The frilled lizard bites you but does no damage.
The frilled lizard barely misses you.
You hit the frilled lizard.
You kill the frilled lizard!
Lugonu accepts your kill.
The kobold hits you with a +2 whip of holy wrath.
* * * LOW HITPOINT WARNING * * *
You convulse.
You die...

##############.
...............
#.. #..)......
#..# #K#######.
#..######@#######.
#..##.............
#..##.###.#######.
#..##.###.#
#..#.#.##.#####
##...###.......#
#.....#.######.#
##......##
#....>..#


You could see a kobold.

Vanquished Creatures
  A ball python (D:1)
  An endoplasm (D:1)
  A goblin (D:1)
  A frilled lizard (D:1)
  A kobold (D:1)
5 creatures vanquished.

Notes
Turn   | Place    | Note
-------+----------+-------------------------------------------
     0 | Abyss:1  | rageheart7 the Demonspawn Abyssal Knight began the quest
                  | for the Orb.
     0 | Abyss:1  | Reached XP level 1. HP: 18/18 MP: 2/2
    72 | Abyss:1  | Noticed a starcursed mass
    73 | D:1      | Escaped the Abyss
   244 | D:1      | Found a faded altar of an unknown god.
   318 | D:1      | Slain by a kobold

Illustrated notes

Levels and vault maps discovered:
D:1:      dpeg_arrival_windows_large_door, layout_loops_ring,
          ebering_ecumenical_altar_hall

Skill      XL: |  1 |
---------------+----+-----
Maces & Flails | 2 |  2.0
Fighting       | |  3.1
Armour         | |  1.7
Dodging        | |  0.8
Invocations    | |  2.4

Action                   || total
-------------------------++-------
Melee: Mace              ||    13
Invok: Depart the Abyss  ||     1
Armor: Ring mail         ||     5
Dodge: Dodged            ||     6

Table legend: (Time is in decaauts)
 A = Elapsed time spent in this place.
 B = Non-inter-level travel time spent in this place.
 C = Inter-level travel time spent in this place.
 D = Time resting spent in this place.
 E = Time spent auto-exploring this place.
 F = Levels seen in this place.
 G = Mean time per level.
                   A        B        C        D        E       F      G
               +--------+--------+--------+--------+--------+-----+--------+
         Total |    321 |    291 |     30 |      0 |    214 |   2 |  160.5 |
       Dungeon |    248 |    218 |     30 |      0 |    175 |   1 |  248.0 |
         Abyss |     73 |     73 |      0 |      0 |     39 |   1 |   73.0 |
               +--------+--------+--------+--------+--------+-----+--------+

Top non-repeatable levels by time:
     D:1: 248 daAuts
 Abyss:1: 73 daAuts
